Match 42512364
Unlisted

Match 42512364
End
Construct Infanterie Kompanie
Selects Breakthrough Battlegroup
Selects Assault Grenadiers
MG 42 Machine Gun Team
Grenadier Squad
Grenadier Squad
MG 42 Machine Gun Team
Construct Panzergrenadier Kompanie
Pak 40 Anti-tank Gun Team
Support Elements
Selects Rapid Production
Forward Retreat Point
251 Medium Carrier
Nebelwerfer 42 Rocket Launcher Team
Selects Breakthrough
StuG III G Assault Gun
Breakthrough
StuG III G Assault Gun
Sniper
Construct Luftwaffe Kompanie
Selects Incendiary Bombing Run
Breakthrough
Grenadier Squad
Wirbelwind Flakpanzer
Breakthrough
Grenadier Squad
Construct Panzer Kompanie
Incendiary Bombing Run
Sturmpanzer IV Brummbär
Wirbelwind Flakpanzer
HeadXKill
Skirater
Rhysong
Grand.G
Parasonic
Johnny 100 pesos
Highwaylord
Maximus♥
0
0

Comments sign in to comment!

No comments posted yet!